Map: [ESL] Stargazers

Players

Ranger - Winner!

  • Race: Protoss Protoss
  • Spawn Location: 1:00

Probe

  • Race: Protoss Protoss
  • Spawn Location: 11:00

Event: DreamHack SC2 Masters 2022 Atlanta (Online)

VOD

Have the link to the VOD?

Description

Time

  • Played on: Sept. 30, 2022, 7:12 a.m.
  • Length: 27:50

All games in this series

Show
View Real Time Build Order
Export as new Build Order

Ranger Protoss - Winner!

Build Orders:  

Get SALT Encoding   

  12  0:00  Probe  
  13  0:12  Probe  
  14  0:18  Pylon  
  14  0:24  Probe (Chrono Boost)  
  15  0:38  Gateway, Probe (Chrono Boost)  
  16  0:43  Probe (Chrono Boost)  
  16  0:46  Assimilator  
  17  0:54  Assimilator  
  17  0:56  Probe  
  18  1:03  Gateway  
  18  1:08  Probe  
  19  1:20  Probe  
  19  1:24  Cybernetics Core  
  20  1:27  Pylon  
  20  1:32  Probe  
  21  1:44  Probe  
  22  1:56  Probe  
  23  2:01  Stalker  
  23  2:02  Stalker  
  27  2:10  Pylon  
  27  2:11  Probe  
  28  2:18  Warp Gate (Chrono Boost)  
  28  2:23  Probe  
  29  2:31  Stalker x2  
  32  2:52  Stalker  
  32  3:01  Robotics Facility  
  32  3:03  Gateway  
  34  3:11  Shield Battery  
  34  3:13  Pylon  
  34  3:24  Stalker  
  34  3:27  Probe  
  34  3:47  Pylon  
  34  4:02  Stalker x2  
  38  4:06  Observer (Chrono Boost)  
  38  4:09  Robotics Bay  
  39  4:30  Observer  
  40  4:36  Stalker  
  42  4:44  Probe  
  43  4:50  Observer  
  43  4:52  Nexus  
  42  5:00  Pylon  
  42  5:01  Probe  
  42  5:06  Disruptor (Chrono Boost)  
  46  5:18  Observer  
  46  5:20  Stalker x2  
  50  5:32  Warp Prism (Chrono Boost)  
  52  5:40  Observer  
  52  5:45  Sentry  
  54  5:59  Twilight Council  
  54  6:05  Stalker  
  56  6:19  Observer, Probe (Chrono Boost)  
  56  6:24  Probe (Chrono Boost)  
  57  6:28  Immortal  
  57  6:31  Probe (Chrono Boost)  
  63  6:34  Probe (Chrono Boost)  
  63  6:36  Probe (Chrono Boost)  
  63  6:38  Probe (Chrono Boost)  
  64  6:45  Probe  
  66  6:50  Probe  
  66  6:51  Pylon  
  66  6:54  Blink (Chrono Boost)  
  67  6:57  Probe  
  68  7:03  Shield Battery  
  68  7:09  Probe  
  68  7:11  Observer (Chrono Boost)  
  68  7:13  Probe  
  71  7:20  Gateway  
  71  7:21  Assimilator  
  71  7:23  Probe  
  71  7:24  Pylon  
  72  7:31  Probe  
  72  7:35  Gateway  
  72  7:36  Sentry  
  75  7:38  Probe  
  75  7:43  Probe  
  77  7:45  Stalker x2  
  77  7:51  Probe  
  82  7:52  Forge  
  82  7:55  Probe  
  83  8:00  Pylon  
  83  8:03  Probe  
  84  8:09  Pylon  
  84  8:10  Probe  
  83  8:22  Nexus  
  83  8:29  Stalker  
  83  8:30  Sentry  
  87  8:35  Stalker  
  84  8:42  Stalker  
  84  8:43  Stalker  
  86  8:54  Robotics Facility, Probe  
  87  9:00  Stalker  
  85  9:10  Pylon  
  85  9:12  Stalker  
  85  9:13  Probe (Chrono Boost)  
  84  9:21  Probe (Chrono Boost)  
  84  9:25  Probe (Chrono Boost)  
  86  9:33  Probe (Chrono Boost)  
  86  9:34  Probe (Chrono Boost)  
  90  9:40  Probe  
  90  9:42  Disruptor (Chrono Boost), Probe x2  
  93  9:48  Disruptor (Chrono Boost)  
  93  9:50  Sentry  
  98  9:53  Probe  
  98  9:55  Probe  
  98  9:56  Protoss Ground Weapons Level 1 (Chrono Boost)  
  100  10:03  Probe  
  100  10:06  Charge  
  101  10:08  Probe  
  101  10:11  Probe  
  103  10:20  Disruptor (Chrono Boost), Probe x2  
  108  10:23  Observer, Probe  
  108  10:31  Pylon  
  108  10:32  Probe x2  
  108  10:35  Disruptor (Chrono Boost)  
  108  10:38  Shield Battery  
  108  10:40  Probe  
  112  10:47  Stalker  
  112  10:48  Zealot  
  113  10:50  Stalker  
  113  10:52  Probe  
  113  10:56  Stalker  
  117  10:59  Disruptor (Chrono Boost)  
  117  11:00  Disruptor (Chrono Boost)  
  117  11:01  Disruptor x2 (Chrono Boost)  
  117  11:02  Probe x2  
  118  11:05  Probe  
  118  11:18  Pylon  
  118  11:20  Pylon  
  118  11:22  Pylon  
  118  11:24  Pylon  
  118  11:27  Robotics Facility  
  118  11:33  Assimilator  
  118  11:35  Observer (Chrono Boost)  
  118  11:36  Probe x3  
  121  11:41  Zealot x4  
  129  11:51  Assimilator  
  129  11:52  Probe x2, Assimilator  
  131  11:54  Disruptor (Chrono Boost)  
  134  12:05  Zealot x4  
  141  12:15  Gateway  
  141  12:17  Gateway  
  141  12:18  Disruptor (Chrono Boost)  
  141  12:22  Protoss Ground Weapons Level 2  
  144  12:28  Observer (Chrono Boost)  
  144  12:29  Photon Cannon  
  136  12:37  Photon Cannon  
  136  12:42  Observer (Chrono Boost)  
  135  12:50  Zealot x4  
  143  12:53  Disruptor (Chrono Boost)  
  146  13:01  Probe  
  146  13:02  Dark Shrine  
  146  13:20  Stalker  
  146  13:22  Photon Cannon  
  146  13:24  Disruptor (Chrono Boost)  
  146  13:25  Pylon  
  146  13:26  Gateway  
  148  13:29  Gateway  
  148  13:37  Photon Cannon  
  148  13:40  Probe  
  139  13:45  Gravitic Boosters  
  142  13:50  Pylon  
  142  13:51  Disruptor (Chrono Boost), Pylon  
  142  13:53  Stalker x2, Pylon  
  146  13:55  Stalker  
  146  14:00  Zealot  
  146  14:05  Stalker  
  146  14:08  Disruptor (Chrono Boost)  
  148  14:16  Stalker  
  148  14:17  Stalker  
  155  14:23  Stalker x2  
  155  14:37  Probe x3  
  158  14:40  Nexus  
  158  14:48  Shadow Stride (Chrono Boost)  
  158  14:52  Stargate  
  158  14:54  Stargate  
  158  14:55  Pylon  
  158  15:00  Zealot x2  
  160  15:15  Photon Cannon  
  160  15:16  Shield Battery  
  160  15:18  Pylon  
  157  15:24  Zealot x4  
  165  15:33  Assimilator  
  159  15:42  Stalker x3  
  155  15:45  Disruptor (Chrono Boost)  
  155  15:47  Observer (Chrono Boost)  
  159  15:52  Assimilator  
  131  16:07  Stalker x5  
  138  16:16  Disruptor  
  138  16:17  Disruptor, Oracle (Chrono Boost)  
  144  16:25  Dark Templar  
  149  16:28  Dark Templar  
  149  16:41  Stalker x3  
  155  16:58  Probe x3  
  158  17:02  Disruptor  
  158  17:03  Disruptor  
  158  17:05  Fleet Beacon  
  152  17:33  Zealot x4, Dark Templar x3  
  152  17:34  Zealot  
  168  17:37  Protoss Air Weapons Level 1 (Chrono Boost)  
  168  17:57  Nexus  
  156  18:05  Photon Cannon, Pylon  
  156  18:10  Disruptor x2  
  160  18:14  Stalker x5  
  170  18:20  Probe x4  
  170  18:23  Assimilator  
  171  18:28  Assimilator  
  171  18:33  Probe x2  
  171  18:34  Probe  
  174  18:41  Carrier (Chrono Boost)  
  154  19:03  Disruptor x2  
  157  19:10  Stalker x7  
  161  19:27  Carrier (Chrono Boost)  
  165  19:39  Disruptor, Zealot x7  
  165  19:41  Observer  
  183  19:46  Carrier (Chrono Boost)  
  189  19:54  Dark Templar  
  189  19:59  Protoss Air Weapons Level 2  
  192  20:07  Probe  
  192  20:26  Disruptor x2  
  166  20:30  Carrier (Chrono Boost)  
  172  20:40  Nexus  
  172  20:42  Pylon  
  168  20:45  Zealot x8  
  184  20:53  Carrier (Chrono Boost)  
  188  21:10  Zealot x2, Stargate  
  188  21:11  Zealot x3  
  198  21:18  Zealot x2  
  198  21:20  Probe  
  190  21:29  Carrier (Chrono Boost), Probe x3  
  192  21:41  Stalker x4  
  192  21:44  Carrier (Chrono Boost)  
  192  21:52  Observer  
  194  21:56  Robotics Facility  
  194  21:58  Photon Cannon  
  175  22:02  Photon Cannon  
  175  22:05  Carrier (Chrono Boost)  
  180  22:27  Disruptor (Chrono Boost)  
  180  22:28  Carrier (Chrono Boost), Zealot x5  
  177  22:38  Zealot  
  177  22:50  Disruptor (Chrono Boost)  
  173  22:55  Probe  
  173  22:58  Carrier (Chrono Boost)  
  168  23:00  Disruptor (Chrono Boost)  
  168  23:02  Zealot  
  177  23:17  Observer (Chrono Boost)  
  170  23:22  Disruptor (Chrono Boost)  
  173  23:28  Zealot x6  
  173  23:33  Pylon  
  184  23:34  Disruptor (Chrono Boost)  
  184  23:36  Protoss Air Weapons Level 3  
  184  23:37  Photon Cannon  
  175  23:57  Zealot x6  
  175  24:01  Disruptor  
  144  24:22  Carrier x2  
  135  24:32  Immortal  
  135  24:33  Probe  
  135  24:34  Probe  
  135  24:36  Probe  
  135  24:49  Stalker x5  
  136  24:53  Observer  
  131  25:09  Carrier  
  131  25:11  Disruptor, Zealot  
  131  25:12  Zealot  
  144  25:17  Dark Templar  
  140  25:28  Observer  
  134  25:37  Zealot x2  
  134  25:38  Zealot x3  
  142  25:47  Immortal  
  142  25:50  Observer  
  142  25:52  Zealot  
Show
View Real Time Build Order
Export as new Build Order

Probe Protoss 

Build Orders:  

Get SALT Encoding   

  12  0:00  Probe  
  13  0:12  Probe  
  14  0:17  Pylon  
  14  0:24  Probe (Chrono Boost)  
  15  0:36  Probe (Chrono Boost)  
  15  0:39  Gateway  
  16  0:43  Probe (Chrono Boost)  
  16  0:45  Assimilator  
  17  0:51  Probe  
  18  1:01  Assimilator  
  18  1:03  Probe (Chrono Boost)  
  19  1:08  Gateway  
  19  1:13  Probe (Chrono Boost)  
  19  1:17  Probe (Chrono Boost)  
  21  1:26  Cybernetics Core  
  21  1:29  Probe  
  22  1:35  Pylon  
  22  1:41  Probe  
  23  1:53  Probe  
  24  2:00  Warp Gate (Chrono Boost)  
  24  2:02  Stalker  
  24  2:03  Stalker  
  24  2:05  Probe  
  29  2:12  Pylon  
  29  2:18  Pylon  
  29  2:29  Robotics Facility  
  29  2:36  Stalker x2  
  33  2:44  Gateway  
  33  2:56  Shield Battery  
  33  3:06  Stalker  
  33  3:07  Pylon  
  35  3:18  Warp Prism (Chrono Boost)  
  35  3:45  Stalker x2  
  35  3:46  Shield Battery  
  35  3:47  Sentry  
  39  4:01  Pylon  
  39  4:05  Phoenix  
  38  4:23  Stalker  
  38  4:24  Stalker x2  
  44  4:28  Observer, Pylon  
  45  4:47  Immortal (Chrono Boost)  
  49  5:07  Nexus  
  49  5:25  Twilight Council  
  49  5:26  Probe (Chrono Boost), Pylon  
  50  5:47  Probe  
  51  5:55  Shield Battery  
  49  5:59  Observer, Probe  
  49  6:00  Blink (Chrono Boost)  
  50  6:11  Probe, Stalker x2  
  50  6:14  Observer  
  55  6:23  Probe  
  55  6:25  Probe  
  57  6:35  Probe  
  57  6:37  Probe, Stalker  
  57  6:38  Stalker  
  63  6:47  Probe  
  63  6:49  Probe  
  63  6:52  Observer  
  65  6:55  Gateway  
  65  6:59  Probe  
  66  7:04  Adept  
  66  7:06  Adept  
  70  7:09  Pylon  
  70  7:10  Pylon  
  70  7:23  Observer  
  70  7:27  Probe x2  
  72  7:32  Stalker x2  
  76  7:39  Probe x2  
  78  7:51  Probe x2  
  78  7:57  Stalker  
  78  7:58  Stalker x2  
  86  8:08  Probe x2  
  86  8:11  Pylon  
  84  8:16  Pylon  
  78  8:20  Nexus  
  78  8:21  Probe  
  79  8:27  Probe  
  79  8:28  Forge  
  80  8:35  Probe  
  82  8:41  Probe  
  82  8:42  Adept  
  82  8:43  Adept x2  
  88  8:54  Immortal  
  90  9:04  Probe  
  90  9:05  Protoss Ground Weapons Level 1 (Chrono Boost)  
  90  9:06  Probe  
  92  9:10  Pylon  
  92  9:13  Gateway  
  92  9:16  Gateway  
  92  9:19  Stalker  
  92  9:20  Sentry x2  
  94  9:32  Shield Battery  
  94  9:33  Shield Battery  
  92  9:40  Gateway  
  92  9:43  Shield Battery, Gateway  
  92  9:46  Observer  
  92  9:49  Shield Battery  
  92  9:50  Charge (Chrono Boost)  
  92  9:52  Adept  
  94  9:54  Observer  
  94  9:56  Adept  
  97  10:02  Probe  
  98  10:09  Probe  
  98  10:10  Probe  
  98  10:12  Assimilator  
  99  10:20  Stalker  
  99  10:21  Stalker x3  
  107  10:24  Probe  
  107  10:27  Probe  
  107  10:28  Probe  
  110  10:34  Templar Archives  
  110  10:36  Probe  
  110  10:41  Probe  
  112  10:46  Observer  
  113  10:51  Probe x2, Protoss Ground Weapons Level 2 (Chrono Boost)  
  113  10:55  Zealot x5  
  125  10:58  Pylon  
  125  10:59  Pylon  
  123  11:05  Pylon  
  123  11:14  Adept  
  123  11:21  Zealot  
  123  11:22  Zealot x6  
  135  11:31  Probe  
  136  11:33  Probe  
  136  11:34  Photon Cannon  
  136  11:35  Photon Cannon, Assimilator  
  136  11:36  Assimilator  
  137  11:47  High Templar  
  137  11:48  Zealot x4, High Templar  
  149  11:55  Archon  
  145  12:11  Robotics Bay  
  145  12:19  Pylon  
  145  12:23  Zealot x2  
  145  12:29  Pylon  
  149  12:30  Nexus  
  149  12:32  Pylon x2  
  149  12:33  Pylon  
  149  12:35  Robotics Facility, Pylon  
  149  12:44  Photon Cannon  
  149  12:47  Shield Battery  
  149  12:48  Zealot  
  149  12:49  Zealot x4  
  157  12:53  Observer (Chrono Boost), Probe  
  157  12:55  Probe  
  157  12:56  Probe  
  161  13:05  Probe  
  158  13:07  Probe  
  158  13:08  Probe  
  158  13:10  Disruptor (Chrono Boost)  
  152  13:14  Zealot x2  
  152  13:15  Zealot x2  
  163  13:23  Probe x2  
  165  13:28  Disruptor (Chrono Boost)  
  167  13:36  Disruptor (Chrono Boost)  
  170  13:46  Probe x2  
  170  13:48  Shield Battery  
  170  13:53  Photon Cannon, Gateway  
  170  13:55  Zealot x4, Gateway  
  172  14:00  Dark Shrine  
  176  14:04  Probe  
  176  14:09  Disruptor  
  174  14:12  Stalker x3  
  174  14:30  Probe  
  167  14:35  Zealot x7  
  167  14:37  Protoss Ground Weapons Level 3  
  167  14:38  Gateway  
  181  14:41  Disruptor  
  182  14:48  Probe  
  182  14:49  Probe  
  184  15:04  Disruptor  
  184  15:05  Stalker x4  
  192  15:17  Disruptor  
  193  15:22  Probe  
  178  15:40  Disruptor  
  178  15:42  Nexus, Zealot  
  179  15:43  Zealot x6  
  179  15:48  Assimilator x2  
  187  15:53  Disruptor  
  179  16:08  Pylon  
  179  16:10  Dark Templar x3  
  185  16:11  Zealot  
  185  16:15  Disruptor  
  180  16:18  Probe  
  180  16:23  Zealot, Dark Templar  
  180  16:24  Zealot x4, Pylon  
  193  16:28  Photon Cannon  
  193  16:29  Observer  
  194  16:37  Photon Cannon  
  192  16:44  Probe x2  
  194  16:48  Shield Battery  
  194  16:49  Photon Cannon  
  194  16:50  Observer  
  194  16:51  Assimilator  
  194  16:52  Photon Cannon  
  194  16:53  Assimilator  
  195  16:55  Photon Cannon  
  195  16:57  Probe  
  195  17:08  Probe  
  195  17:10  Probe  
  175  17:15  Stalker x3  
  175  17:16  Stalker x4  
  188  17:32  Observer  
  188  17:35  Gravitic Boosters (Chrono Boost), Photon Cannon, Assimilator  
  189  17:39  Observer  
  189  17:42  Pylon  
  189  17:47  Zealot x5  
  197  18:09  Observer  
  197  18:11  Disruptor  
  199  18:40  Zealot  
  160  19:08  Zealot x9  
  160  19:09  Zealot  
  180  19:19  Disruptor x2  
  185  19:32  Stalker x8  
  199  19:44  Robotics Facility  
  199  19:47  Robotics Facility  
  199  19:56  Observer  
  200  20:00  Pylon  
  194  20:18  Nexus  
  194  20:19  Pylon  
  194  20:27  Stalker x5  
  194  20:28  Stalker x3  
  181  20:59  Zealot x9  
  181  21:01  Observer x2  
  176  21:38  Zealot x10  
  184  21:44  Observer x2  
  175  21:48  Observer x2  
  166  22:05  Disruptor x2  
  166  22:07  Stalker x10  
  188  22:17  Nexus  
  188  22:18  Pylon  
  188  22:19  Observer  
  188  22:22  Pylon  
  159  22:31  Observer  
  159  22:33  Zealot x9  
  159  22:35  Disruptor  
  159  22:36  Disruptor  
  183  22:42  Disruptor x2  
  181  22:58  Stalker x10  
  190  23:08  Nexus  
  190  23:09  Photon Cannon  
  190  23:13  Shield Battery  
  190  23:24  Disruptor x2  
  195  23:27  Zealot  
  195  23:28  Zealot  
  183  23:55  Zealot  
  179  23:56  Zealot x9  
  194  24:03  Disruptor  
  194  24:05  Observer x2  
  110  24:18  Stalker  
  110  24:19  Stalker x9  
  83  24:47  Stalker  
  83  24:48  Stalker x9  
  77  25:11  Stalker  
  77  25:12  Stalker x9  
  79  25:34  Probe x2  
  75  25:35  Dark Templar  
  75  25:36  Dark Templar x3  
  75  25:39  Stalker x3  
Tags
 
Add a new tag
Caveats
  • Supply blocks, unpowered buildings, or Contaminate may cause inaccurate times.
  • Supply counts are checked every 10 seconds.